 Dungeon Crawl Stone Soup version 0.28-a0-819-g6ef7baa362 (webtiles) character file.

Game seed: 6029590832595441368

6351 cheechan the Cleaver (level 10, -1/84 HPs)
             Began as a Palentonga Gladiator on Nov 8, 2021.
             Was a High Priest of Okawaru.
             Killed from afar by an acid dragon (28 damage)
             ... with a splash of acid
             ... on level 9 of the Dungeon.
             The game lasted 00:33:25 (8403 turns).

cheechan the Cleaver (Palentonga Gladiator)         Turns: 8403, Time: 00:33:26

Health: -1/84      AC: 19    Str: 24    XL:     10   Next: 65%
Magic:  10/10      EV:  8    Int:  9    God:    Okawaru [*****.]
Gold:   237        SH:  8    Dex: 12    Spells: 9/9 levels left

rFire   + . .      SeeInvis +   t - +10 hand axe "Ochagg" {flame, rN+ Stlth+}
rCold   . . .      Faith    +   l - +0 kite shield
rNeg    + . .      Spirit   .   G - +0 scale mail {rF+}
rPois   .          Reflect  .   c - +2 helmet
rElec   .          Harm     .   (no cloak)
rCorr   .          Rampage  .   x - +0 pair of gloves
Will    .....                   (no barding)
Stlth   ++........              q - amulet of faith
HPRegen 0.24/turn               e - +4 ring of protection
MPRegen 0.12/turn               z - +6 ring of strength

@: corroded, curled up
A: large, rugged brown scales 3, see invisible, deformed body, roll 1, armoured
tail, reflexive curl, stinger 1, clumsy 1
a: Rolling Charge, Renounce Religion, Heroism, Finesse, Duel


You were on level 9 of the Dungeon.
You worshipped Okawaru.
Okawaru was extremely pleased with you.
You visited 2 branches of the dungeon, and saw 10 of its levels.
You also visited: Sewer.

You collected 490 gold pieces.
You spent 253 gold pieces at shops.

Inventory:

Hand Weapons
 a - a +2 war axe
 i - a +0 hunting sling
 t - the +10 hand axe "Ochagg" (weapon) {flame, rN+ Stlth+}
   (You found it on level 5 of the Dungeon)

   It burns those it strikes, dealing additional fire damage.
   Big, fiery blades are also staple armaments of hydra-hunters.
   rN:        It protects you from negative energy.
   Stlth:     It makes you more stealthy.
 D - a +2 whip of flaming
 F - the +6 short sword of Lies {flame, rElec Int-3 Dex+4 Stlth+}
   (You found it on level 8 of the Dungeon)

   It burns those it strikes, dealing additional fire damage.
   Int:       It affects your intelligence (-3).
   Dex:       It affects your dexterity (+4).
   rElec:     It insulates you from electricity.
   Stlth:     It makes you more stealthy.
Missiles
 b - 21 arrows
 d - a throwing net
 k - 39 poisoned darts
 r - 44 sling bullets
 v - 44 bolts
 B - 6 curare-tipped darts
Armour
 c - a +2 helmet (worn)
 g - a +2 robe of the Archmagi
 l - a +0 kite shield (worn)
 p - the +0 ring mail of Trial and Error {rPois}
   (You bought it in a shop on level 5 of the Dungeon)

   rPois:     It protects you from poison.
 x - a +0 pair of gloves (worn)
 G - a +0 scale mail of fire resistance (worn)
Jewellery
 e - a +4 ring of protection (left hand)
 m - an amulet of the acrobat
 q - an amulet of faith (around neck)
 z - a +6 ring of strength (right hand)
Wands
 n - a wand of paralysis (5)
 w - a wand of acid (10)
 A - a wand of flame (14)
 C - a wand of iceblast (9)
Scrolls
 s - a scroll of teleportation
 y - a scroll of summoning
Potions
 f - a potion of lignification
 h - 2 potions of attraction
 j - 3 potions of haste
 o - 2 potions of brilliance
 u - a potion of flight {unknown}


   Skills:
 + Level 7.1 Fighting
 + Level 10.6 Axes
 + Level 1.8 Throwing
 + Level 5.7 Armour
 + Level 4.6 Dodging
 + Level 2.8 Stealth
 + Level 3.8 Shields
 + Level 0.2 Evocations


You had 9 spell levels left.
You didn't know any spells.
Your spell library contained the following spells:

 Spells                   Type           Power      Damage    Failure   Level
 Foxfire                  Conj/Fire      0%         2x1d4     96%         1
 Passwall                 Tmut/Erth      0%         N/A       99%         2
 Conjure Flame            Conj/Fire      0%         6-21      100%        3
 Frozen Ramparts          Ice            0%         1d2       100%        3
 Ignite Poison            Fire/Tmut/Pois 0%         N/A       100%        3
 Inner Flame              Hex/Fire       0%         N/A       100%        3
 Swiftness                Air            0%         N/A       100%        3
 Flame Wave               Conj/Fire      0%         3d3       100%        4
 Ice Form                 Ice/Tmut       0%         N/A       100%        4
 Sticky Flame             Conj/Fire      0%         2d3       100%        4
 Invisibility             Hex            0%         N/A       100%        6
 Summon Ice Beast         Ice/Summ       Unusable   N/A       N/A         4

Dungeon Overview and Level Annotations

Branches:
Dungeon (9/15)             Temple (1/1) D:4           Sewer (visited)
   Lair: D:8-11         Orc: D:9-12

Altars:
Ashenzari
Cheibriados
Dithmenos
Elyvilon
Fedhas
Gozag
Hepliaklqana
Kikubaaqudgha
Makhleb
Nemelex Xobeh
Okawaru
Qazlal
Ru
Sif Muna
Trog
Uskayaw
Vehumet
Wu Jian
Xom
Yredelemnul
Zin
The Shining One

Shops:
D:5 ?([=

Annotations:
D:7 exclusion: oklob plant


Innate Abilities, Weirdness & Mutations

You are completely covered in rugged brown scales. (AC +3, +7% HP)
You have supernaturally acute eyesight. (SInv)
Armour fits poorly on your strangely shaped body.
You can roll at nearby foes to attack.
You have a long armoured tail.
You curl defensively after being hit. (AC +7*)
Your tail ends in a venomous barb.
You are clumsy. (Dex -2)


Message History

You slash the yak! You burn the yak. You hit the yak. You burn the yak.
You slash the yak! You burn the yak. The yak gores you but does no damage.
You block the yak's attack.
You slash the yak! You burn the yak.
The yak is almost dead.
You hit the yak. You burn the yak. You hit the yak. You burn the yak.
You closely miss the yak. You block the yak's attack.
The yak closely misses you. The yak gores you.
The yak gores you but does no damage.
You slash the yak! You burn the yak.
You kill the yak!
Okawaru accepts your kill.
You barely miss the yak. You slash the yak! You burn the yak. You hit the yak.
You burn the yak. You block the yak's attack.
The yak gores you but does no damage. x2
You slash the yak! You burn the yak.
You kill the yak!
Okawaru accepts your kill.
You slash the yak! You burn the yak. You closely miss the yak.
You block the yak's attack. The yak completely misses you.
You slash the yak! You burn the yak.
You kill the yak!
Okawaru accepts your kill.
You hit the yak. You burn the yak. The yak completely misses you.
An acid dragon comes into view.
Your Fighting skill increases to level 7!
You completely miss the yak.
The yak is severely wounded.
The yak gores you but does no damage.
You barely miss the yak. You tail-slap the yak!
The yak is severely wounded.
The yak barely misses you. The acid dragon spits acid at you.
The splash of acid hits you!! The acid corrodes you!
You slash the yak! You burn the yak.
You kill the yak!
Okawaru accepts your kill. The acid dragon spits acid at you.
The splash of acid hits you!!
You die...

#...........
#...........
#.D.........
+...........
#...........
####......#
..........#
######.†..# #.@..#
#..(## ##..# #..#
#..# # #..######
###.########........
...........)........
...........<........


You could see an acid dragon (catching breath).

Vanquished Creatures
  Erica (D:9)
  A two-headed ogre (D:6)
  Pikel (D:7)
  A centaur zombie (D:9)
  An unseen horror (D:8)
  A shadow (D:5)
  A wyvern (D:8)
  6 yaks
  Grum (D:8)
  A steam dragon (D:6)
  3 water moccasins
  Duvessa (D:7)
  2 black bears
  2 sky beasts
  2 ice beasts
  2 necrophages
  A black bear (shapeshifter) (D:5)
  3 wolves (D:8)
  A lemure (D:7)
  2 bullfrogs
  A wyvern zombie (D:7)
  Dowan (D:7)
  3 howler monkeys
  3 jellies
  3 orc priests
  A bullfrog skeleton (D:6)
  2 gnoll shamans
  2 hounds
  A centaur skeleton (D:7)
  An iguana (D:5)
  Ijyb (D:3)
  9 orc wizards
  3 killer bee zombies
  5 adders
  11 gnolls
  2 shadow imps
  A white imp (D:5)
  An ufetubus (D:6)
  An adder skeleton (D:4)
  A worm (D:5)
  2 dart slugs (D:1)
  20 orcs
  28 endoplasms
  4 giant cockroaches
  8 goblins
  8 hobgoblins
  2 jackals (D:1)
  A quokka (D:4)
  9 ball pythons
  11 bats
  3 frilled lizards
  5 kobolds
  6 rats
  A spectral hobgoblin (D:1)
195 creatures vanquished.

Vanquished Creatures (others)
  A gnoll (D:8)
  4 fungi (D:7)
  7 plants (D:8)
12 creatures vanquished.

Grand Total: 207 creatures vanquished

Notes
Turn   | Place    | Note
-------+----------+-------------------------------------------
     0 | D:1      | cheechan the Palentonga Gladiator began the quest for the
                  | Orb.
     0 | D:1      | Reached XP level 1. HP: 17/17 MP: 1/1
     5 | D:1      | You fall into a shaft and drop 1 floor!
   114 | D:2      | Reached XP level 2. HP: 16/23 MP: 2/2
   512 | D:1      | Found a faded altar of an unknown god.
   534 | D:1      | Reached XP level 3. HP: 28/28 MP: 3/3
  1056 | D:1      | Noticed a salamander
  1056 | D:1      | Noticed a swamp worm
  1057 | D:1      | Noticed a wyvern
  1261 | D:1      | Reached skill level 4 in Axes
  1647 | D:2      | Reached XP level 4. HP: 36/36 MP: 4/4
  2277 | D:3      | Noticed Ijyb
  2277 | D:3      | Paralysed by Ijyb for 5 turns
  2288 | D:3      | Reached skill level 1 in Armour
  2298 | D:3      | Killed Ijyb
  2737 | D:4      | Reached XP level 5. HP: 15/41 MP: 5/5
  2747 | D:4      | Reached skill level 5 in Axes
  2829 | D:4      | Found a sacrificial altar of Ru.
  2856 | D:4      | Found a glowing drain.
  2874 | Sewer    | Entered a sewer
  2907 | Sewer    | Noticed a water moccasin
  2917 | Sewer    | Killed a water moccasin
  2918 | Sewer    | Reached XP level 6. HP: 16/50 MP: 6/6
  3236 | D:4      | Found a staircase to the Ecumenical Temple.
  3258 | Temple   | Entered the Ecumenical Temple
  3313 | Temple   | Became a worshipper of Xom of Chaos
  3314 | Temple   | Fell from the grace of Xom
  3331 | Temple   | Became a worshipper of Warmaster Okawaru
  3594 | D:4      | XOM: torment (26/50 hp)
  3804 | D:5      | Entered Level 5 of the Dungeon
  3805 | D:5      | Found Zoczoun's Antique Armour Shop.
  3815 | D:5      | Reached skill level 6 in Axes
  3829 | D:5      | Bought a scorched ring mail for 225 gold pieces
  3829 | D:5      | Identified the +0 ring mail of Trial and Error {rPois} (You
                  | bought it in a shop on level 5 of the Dungeon)
  3859 | D:5      | Gained mutation: You curl defensively after being hit. (AC
                  | +7*) [Palentonga growth]
  3859 | D:5      | Reached XP level 7. HP: 37/55 MP: 7/7
  3906 | D:5      | XOM: summons 5 hostile demons
  3907 | D:5      | Noticed an orange demon
  3907 | D:5      | Found Syum's Magic Scroll Shop.
  4014 | D:5      | Noticed a shapeshifter
  4014 | D:5      | a black bear changed into a shapeshifter
  4014 | D:5      | XOM: polymorph black bear -> shapeshifter
  4016 | D:5      | Noticed an orb spider
  4016 | D:5      | a shapeshifter changed into an orb spider
  4017 | D:5      | an orb spider changed into a black bear
  4029 | D:5      | Reached * piety under Okawaru
  4078 | D:5      | Found Kaygh's Weapon Emporium.
  4125 | D:5      | Identified the +10 hand axe "Ochagg" {flame, rN+ Stlth+}
  4223 | D:5      | Noticed a shadow
  4230 | D:5      | Killed a shadow
  4231 | D:5      | Reached skill level 7 in Axes
  4357 | D:5      | Bought a scroll of identify for 28 gold pieces
  4413 | D:5      | XOM: draining
  4444 | D:5      | Reached XP level 8. HP: 59/60 MP: 8/8
  4497 | D:5      | Found Xuepij's Jewellery Shop.
  4961 | D:6      | Reached skill level 1 in Stealth
  5003 | D:6      | Noticed a two-headed ogre
  5016 | D:6      | Killed a two-headed ogre
  5016 | D:6      | Reached ** piety under Okawaru
  5017 | D:6      | Reached skill level 8 in Axes
  5017 | D:6      | Reached skill level 1 in Shields
  5109 | D:6      | Reached XP level 9. HP: 12/71 MP: 9/9
  5457 | D:6      | XOM: give mutations
  5457 | D:6      | Gained mutation: You are clumsy. (Dex -2) [Xom's mischief]
  5457 | D:6      | Gained mutation: Your tail ends in a venomous barb. [Xom's
                  | mischief]
  5838 | D:7      | XOM: noise
  5934 | D:7      | Reached skill level 5 in Fighting
  6281 | D:7      | Noticed Pikel
  6294 | D:7      | Killed Pikel
  6294 | D:7      | Reached *** piety under Okawaru
  6295 | D:7      | Reached skill level 9 in Axes
  6646 | D:7      | Noticed Dowan
  6651 | D:7      | Noticed Duvessa
  6663 | D:7      | Killed Duvessa
  6664 | D:7      | Killed Dowan
  6802 | D:7      | Reached skill level 5 in Armour
  6893 | D:7      | Noticed an oklob plant
  7441 | D:7      | XOM: silly message
  7476 | D:7      | XOM: silly message
  7639 | D:8      | Identified the +6 short sword of Lies {flame, rElec Int-3
                  | Dex+4 Stlth+}
  7706 | D:8      | Reached **** piety under Okawaru
  7745 | D:8      | Noticed a two-headed ogre
  7765 | D:8      | Noticed an efreet
  7870 | D:8      | Reached XP level 10. HP: 44/81 MP: 10/10
  7920 | D:8      | Received a gift from Okawaru
  7990 | D:8      | Noticed Grum
  7997 | D:8      | Killed Grum
  7998 | D:8      | Reached skill level 10 in Axes
  8099 | D:8      | XOM: noise
  8103 | D:8      | Noticed Erica
  8109 | D:8      | XOM: blink monster(s)
  8123 | D:9      | Killed Erica
  8123 | D:9      | Reached ***** piety under Okawaru
  8355 | D:9      | XOM: scenery: 2 doors open
  8403 | D:9      | Killed from afar by an acid dragon

Illustrated notes

Levels and vault maps discovered:
D:1:      onia_arrival_zoo_common, layout_basic,
          dreamdust_ecumenical_altar_drowned_temple
D:2:      layout_loops_cross
D:3:      layout_basic, uniq_ijyb
D:4:      layout_gridville, nicolae_ru_awakened_eye,
          minmay_temple_entry_drinking_statues, cheibrodos_sewer_entry_drain
D:5:      layout_cave_pods, serial_shops, shop_fountains,
          nicolae_shop_waterfront, shop, nicolae_stop_n_shop_1
D:6:      layout_basic, minivault_24, hangedman_decor_slide_cut
D:7:      lemuel_slime, layout_basic, uniq_duvessa, uniq_pikel
D:8:      nzn_winding_woodlands_cross
          [nzn_winding_woodlands_5x15_pathside_ponds,
          nzn_winding_woodlands_5x15_garden,
          nzn_winding_woodlands_5x15_split_checker,
          nzn_winding_woodlands_5x15_twine,
          nzn_winding_woodlands_15x15_thick_spiral], layout_loops_ring,
          uniq_grum, uniq_erica
D:9:      layout_irregular_city, erik_lair_dragon,
          gammafunk_ghost_wrathful_warriors
Temple:   kilobyte_greek_temple

Skill      XL: |  1  2  3  4  5  6  7  8  9 10 |
---------------+-------------------------------+-----
Axes           | 4 5 6 7 8 9 10 | 10.6
Armour         | 1 2 3 4 5 |  5.7
Fighting       | 3 4 5 7 |  7.1
Dodging        | 3 4 |  4.6
Stealth        | 1 2 |  2.8
Shields        | 1 3 |  3.8
Throwing       | |  1.8
Evocations     | |  0.2

Action                   |  1- 3 |  4- 6 |  7- 9 | 10-12 || total
-------------------------+-------+-------+-------+-------++-------
Melee: War axe           |   115 |   116 |    31 |       ||   262
       Tailslap          |    13 |    16 |    26 |     8 ||    63
       Hand axe          |       |       |   191 |    67 ||   258
Throw: Throwing net      |     1 |       |     2 |     1 ||     4
Invok: Renounce Religion |       |     1 |       |       ||     1
 Abil: Rolling Charge    |    17 |     9 |    16 |     4 ||    46
Evoke: Wand              |       |     2 |       |       ||     2
  Use: Scroll            |     1 |    10 |     9 |       ||    20
       Potion            |       |     2 |     1 |     2 ||     5
 Stab: Paralysed         |       |     4 |       |       ||     4
       Sleeping          |       |       |     3 |       ||     3
Armor: Leather armour    |    30 |       |       |       ||    30
       Plate armour      |    67 |   162 |       |       ||   229
       Ring mail         |       |       |   115 |     5 ||   120
       Scale mail        |       |       |       |    45 ||    45
Dodge: Dodged            |    46 |    30 |    50 |    15 ||   141
Block: Kite shield       |       |       |    67 |    41 ||   108

Table legend: (Time is in decaauts)
 A = Elapsed time spent in this place.
 B = Non-inter-level travel time spent in this place.
 C = Inter-level travel time spent in this place.
 D = Time resting spent in this place.
 E = Time spent auto-exploring this place.
 F = Levels seen in this place.
 G = Mean time per level.
                   A        B        C        D        E       F      G
               +--------+--------+--------+--------+--------+-----+--------+
         Total |   8533 |   8533 |      0 |   1311 |      0 |  11 |  775.7 |
       Dungeon |   8080 |   8080 |      0 |   1067 |      0 |   9 |  897.8 |
        Temple |    113 |    113 |      0 |      0 |      0 |   1 |  113.0 |
         Sewer |    339 |    339 |      0 |    244 |      0 |   1 |  339.0 |
               +--------+--------+--------+--------+--------+-----+--------+

Top non-repeatable levels by time:
     D:7: 1787 daAuts
     D:2: 1080 daAuts
     D:6: 1024 daAuts
     D:1: 965 daAuts
     D:5: 929 daAuts
     D:4: 787 daAuts
     D:3: 679 daAuts
     D:8: 522 daAuts
   Sewer: 339 daAuts
     D:9: 304 daAuts
  Temple: 113 daAuts
